AoeStats
← 2 ^2[TxR] ^5 B3AR

Lombardia

507109366Analyzed
2v2 RM · 17d ago on Sep 16, 2026· 65m 21s· 4 players
Game mode
Random Map
Map size
Medium (4 player)
Population
200
Speed
Normal
Resources
Standard
Victory
Conquest
Starting age
Dark Age
Ending age
Imperial Age
RankedLock teamsTeams togetherTeam positionsShared explorationLock speedFull tech treeHidden civsTurbo modeCheats
Victory
Defeat
🇺🇸 Lithuanians · United States
886
+16
🇺🇸 Burmese · United States
883
+16
🇩🇪 Tatars · Germany
894
-16
🇩🇪 Maya · Germany
883
-16
vondeluc73
8:24 Loom
11:17 Feudal Age
14:32 Man-at-Arms
15:01 Arson
15:51 Forging
15:42 Scale Mail Armor
16:15 Horse Collar
16:32 Gold Mining
21:09 Castle Age
20:59 Bloodlines
21:45 Long Swordsman
22:11 Gambesons
22:27 Squires
23:43 Husbandry
32:45 Redemption
36:28 Iron Casting
36:11 Chain Mail Armor
38:39 Ballistics
52:06 Imperial Age
55:14 Blast Furnace
54:24 Two-Handed Swordsman
58:07 Champion
63:32 Wheelbarrow
62:42 Town Watch
64:53 Chemistry
peyton off a bean
12:04 Feudal Age
13:26 Horse Collar
13:36 Double-Bit Axe
16:14 Castle Age
20:26 Loom
22:54 Forging
22:49 Scale Barding Armor
25:51 Wheelbarrow
26:40 Husbandry
27:27 Hand Cart
28:44 Bloodlines
33:28 Imperial Age
33:56 Iron Casting
37:29 Chemistry
36:06 Cavalier
37:01 Tower Shields
37:00 Fletching
37:31 Chain Barding Armor
37:11 Padded Archer Armor
37:30 Elite Skirmisher
38:20 Elite Leitis
47:19 Bodkin Arrow
47:47 Leather Archer Armor
51:51 Thumb Ring
54:37 Plate Barding Armor
Joachim von Ribbentropp
3:22 Loom
11:51 Feudal Age
14:07 Double-Bit Axe
14:03 Horse Collar
18:44 Castle Age
21:38 Town Watch
22:31 Wheelbarrow
21:57 Pikeman
23:09 Forging
23:00 Scale Mail Armor
23:14 Squires
25:52 Iron Casting
26:02 Arson
25:38 Eagle Warrior
29:58 Fortified Wall
30:09 Ballistics
31:17 Chain Mail Armor
38:28 Murder Holes
40:19 Fletching
44:11 Imperial Age
44:58 Halberdier
47:18 Conscription
2 ^2[TxR] ^5 B3AR
12:22 Feudal Age
10:40 Loom
18:02 Castle Age
16:25 Double-Bit Axe
16:45 Horse Collar
28:33 Fortified Wall
33:16 Fletching
34:18 Bodkin Arrow
34:47 Ballistics
40:39 Imperial Age
40:58 Gold Mining
41:56 Conscription
42:27 Forging
44:48 Forging
44:38 Bracer
44:43 Padded Archer Armor
44:55 Forging
Connection lost

Rejoining the realm…

Still unreachable

The connection could not be restored.

Session expired

The server has moved on; the page needs a fresh start.